Arrhythmia, chaotic female vampiric Convict ----- --....- |......- -- |.......- |. .......-----. -- ........... . ......... -.- .......-----.. ......||... ....--..- -......--- --.......-.-- --|...........| --.--%.........--- |...>%.--........| -----------....----........-- -..(...............aah.........| ---------------.----@.---......| -- |..| --..--- ---- --- Arrhythmia the Jail-bird Experience level: 7 Strength: 17 Dexterity: 13 Constitution: 18 Intelligence: 10 Wisdom: 9 Charisma: 8 Health: 0(70) Energy: 37(37) AC: 6 Gold: 396 Moves: 1999 Your Inventory: Coins $ - 396 gold pieces Armor b - a cursed +0 striped shirt (being worn) e - an [uncursed] +0 iron skull cap [orcish helm] (being worn) g - an [uncursed] +0 hooded cloak [dwarvish] (being worn) h - an [uncursed] +0 pair of gloves called Dex [leather] (being worn) i - an [uncursed] +0 pair of hard shoes [iron] (being worn) Scrolls m - a [blessed] scroll labeled MAPIRO MAHAMA DIROMAT [of create monster] o - an [uncursed] scroll labeled ZLORFIK [of teleportation] Rings f - a [cursed -1] clay ring [of gain constitution] Tools d - an [uncursed] can of grease [0:13] j - an [uncursed] skeleton key n - an [uncursed +0] pick-axe q - an [uncursed] looking glass [mirror] r - an [uncursed] blindfold Iron balls c - an [uncursed] heavy iron ball (chained to you) Spells known in the end: Name Level Category Fail Memory Your skills at the end: Fighting Skills Weapon Skills sling [Basic / Skilled] Spellcasting Skills Final Attributes: You were devoutly aligned. Hunger level was 982. Your alignment was 19 / 19. Monster difficulty range was 1 - 7. Level difficulty was 8. You were immune to poison. You were immune to level-drain. You were immune to sickness. You were punished. You could fly. You could survive without air. You regenerated. Your luck was zero. You are dead. Vanquished creatures: an ape a rock piercer 2 enormous rats a pony 7 gnome lords a kitten 8 dwarves a rothe a monkey 4 dwarf zombies a coyote a gas spore 3 hobbits a hobgoblin a brown mold 37 gnomes 2 geckos 4 jackals 2 goblins a sewer rat 3 grid bugs 3 lichens a kobold zombie 2 newts 89 creatures vanquished. Voluntary challenges: You went without food. You were illiterate. You never hit with a wielded weapon. You put on armor 6 times. You never genocided any monsters. You never polymorphed an object. You never changed form. You used no wishes. You abstained from Elbereth's help. You never encountered a bones level. You never used any Sokoban shortcuts. Dungeon overview: The Dungeons of Doom: levels 1 to 2 Level 1 a fountain a long staircase Level 2 stairs to The Gnomish Mines The Gnomish Mines: levels 3 to 9 Level 3 stairs to The Dungeons of Doom Level 8 <- You were here History has recorded: On T:1 you entered the Dungeons of Doom to retrieve the Amulet of Yendor! On T:254 you advanced to experience level 2. On T:289 you reached level 2 of The Dungeons of Doom. On T:753 you advanced to experience level 3. On T:869 you advanced to experience level 4. On T:928 you reached level 1 of The Gnomish Mines. On T:930 you reached level 2 of The Gnomish Mines. On T:942 you advanced to experience level 5. On T:1016 you advanced to experience level 6. On T:1281 you advanced to experience level 7. On T:1779 you reached level 3 of The Gnomish Mines. On T:1963 you reached level 6 of The Gnomish Mines. On T:1979 you reached level 7 of The Gnomish Mines. Latest messages: The dwarf lord thrusts his broad short sword. The dwarf lord hits! [HP-23=18] [HP+1=19] [HP+1=20] [HP+1=21] The gnome throws a dagger! You are almost hit by a dagger. [HP+1=22] [HP+1=23] [HP+1=24] [HP+1=25] You see here a dagger. [HP+1=26] You miss the fire ant. You bite the fire ant. The fire ant bites! (2x) You're on fire! The fire ant bites! (2x) [HP-14=12] The fire ant bites! (4x) You're on fire! You die... Final status: Goodbye Arrhythmia the Convict... You died in The Gnomish Mines on dungeon level 8 with 2607 points, and 396 pieces of gold, after 1999 moves. You were level 7 with a maximum of 70 hit points when you died.